AoeStats
← jude__88

Oasis

509873855Analyzed
2v2 RM · 5d ago on Sep 28, 2026· 41m 41s· 4 players
Game mode
Random Map
Map size
Medium (4 player)
Population
200
Speed
Normal
Resources
Standard
Victory
Conquest
Starting age
Dark Age
Ending age
Imperial Age
RankedLock teamsTeams togetherTeam positionsShared explorationLock speedFull tech treeHidden civsTurbo modeCheats
Victory
Defeat
🇨🇳 Khmer · China
800
+16
🇨🇳 Turks · China
799
+16
🇬🇧 Cumans · United Kingdom
828
-17
🇫🇷 Persians · France
765
-38
Sternenhimmel
6:38 Loom
10:51 Feudal Age
14:23 Castle Age
13:40 Double-Bit Axe
14:18 Horse Collar
16:13 Wheelbarrow
15:50 Bow Saw
19:57 Heavy Plow
25:45 Hand Cart
30:52 Gold Mining
30:53 Stone Mining
31:27 Redemption
34:23 Imperial Age
31:39 Town Watch
32:16 Scale Barding Armor
33:00 Town Patrol
33:37 Fletching
34:07 Chain Barding Armor
35:28 Bloodlines
35:18 Husbandry
35:55 Conscription
36:16 Crop Rotation
36:36 Caravan
36:48 Husbandry
38:32 Coinage
37:48 Light Cavalry
38:39 Double Crossbow
38:46 Devotion
40:34 Banking
40:32 Elite Ballista Elephant
42:36 Plate Barding Armor
灰色中分小哥♪
4:12 Loom
4:28 Loom
12:01 Feudal Age
13:57 Double-Bit Axe
18:37 Castle Age
17:30 Stone Mining
19:40 Horse Collar
20:14 Bow Saw
26:16 Heavy Plow
27:53 Wheelbarrow
28:32 Gold Mining
29:58 Hand Cart
31:44 Gold Shaft Mining
34:23 Imperial Age
32:52 Padded Archer Armor
33:03 Forging
35:09 Leather Archer Armor
35:00 Scale Barding Armor
35:43 Artillery
36:05 Conscription
36:06 Bloodlines
35:57 Husbandry
39:05 Ring Archer Armor
38:55 Chain Barding Armor
39:11 Iron Casting
38:29 Heavy Camel Rider
42:47 Two-Man Saw
jude__88
13:09 Feudal Age
14:22 Wheelbarrow
14:01 Double-Bit Axe
18:36 Gold Mining
18:37 Stone Mining
18:33 Horse Collar
25:33 Castle Age
23:54 Bloodlines
24:09 Loom
29:07 Stone Shaft Mining
29:09 Gold Shaft Mining
29:52 Bow Saw
29:46 Heavy Plow
32:17 Hand Cart
31:47 Town Watch
34:34 Imperial Age
32:21 Fervor
32:33 Man-at-Arms
32:33 Pikeman
33:07 Guard Tower
33:13 Murder Holes
34:43 Long Swordsman
35:24 Squires
35:10 Arson
35:45 Caravan
36:44 Siphons
38:32 Hoardings
37:19 Halberdier
39:31 Gambesons
arminta1382
0:29 Loom
13:00 Feudal Age
13:29 Feudal Age
13:38 Feudal Age
14:41 Man-at-Arms
15:10 Horse Collar
15:16 Double-Bit Axe
27:34 Castle Age
26:18 Stone Mining
27:36 Pikeman
28:52 Squires
31:58 Gold Mining
32:30 Heavy Plow
33:26 Bow Saw
35:12 Gold Shaft Mining
38:06 Wheelbarrow
37:40 Arson
39:13 Hand Cart
40:01 Caravan
44:28 Imperial Age
41:22 Long Swordsman
Connection lost

Rejoining the realm…

Still unreachable

The connection could not be restored.

Session expired

The server has moved on; the page needs a fresh start.